 Dungeon Crawl Stone Soup version 0.28.0-49-g6dfe1f597d (webtiles) character file.

Game seed: 13446516914916811187

1511 Zeld the Bolt Thrower (level 9, -1/52 HPs)
             Began as a Kobold Hunter on May 12, 2022.
             Was an Elder of Jiyva.
             Slain by a steam dragon (9 damage)
             ... on level 8 of the Dungeon.
             The game lasted 00:09:05 (5707 turns).

Zeld the Bolt Thrower (Kobold Hunter)               Turns: 5707, Time: 00:09:06

Health: -1/52      AC:  3    Str:  9    XL:     9   Next: 9%
Magic:  9/9        EV: 16    Int: 12    God:    Jiyva [****..]
Gold:   185        SH:  0    Dex: 20    Spells: 8/8 levels left

rFire   . . .      SeeInvis .   b - +1 short sword (venom)
rCold   . . .      Faith    .   (no shield)
rNeg    . . .      Spirit   .   c - +0 leather armour
rPois   .          Reflect  .   (no helmet)
rElec   .          Harm     .   (no cloak)
rCorr   +          Rampage  .   (no gloves)
Will    +....                   (boots unavailable)
Stlth   ++++......              (no amulet)
HPRegen 1.45/turn               (no ring)
MPRegen 0.51/turn               (no ring)

@: no status effects
A: small, no large weapons, nightstalker 3, talons 3, strong-willed 1
a: Renounce Religion, Oozemancy, Slimify


You were on level 8 of the Dungeon.
You worshipped Jiyva.
Jiyva was greatly pleased with you.
You visited 1 branch of the dungeon, and saw 7 of its levels.
You also visited: Sewer and Ossuary.

You collected 185 gold pieces.

Inventory:

Hand Weapons
 a - a +1 hand crossbow
 b - a +1 short sword of venom (weapon)
Missiles
 w - 16 bolts
Armour
 c - a +0 leather armour (worn)
Wands
 j - a wand of polymorph (13)
 l - a wand of digging (3)
 t - a wand of mindburst (6)
 z - a wand of iceblast (19)
Scrolls
 e - 3 scrolls of identify {unknown}
 f - 2 scrolls of vulnerability {unknown}
 g - 2 scrolls of enchant weapon {unknown}
 k - 2 scrolls of enchant armour {unknown}
 n - 2 scrolls of noise {unknown}
 u - a scroll of holy word {unknown}
 v - a scroll of fog {unknown}
 x - 2 scrolls of brand weapon {unknown}
 y - a scroll of immolation {unknown}
Potions
 d - a potion of berserk rage {unknown}
 h - 4 potions of curing
 i - a potion of heal wounds {unknown}
 m - a potion of might {unknown}
 o - a potion of cancellation {unknown}
 p - a potion of invisibility {unknown}
 q - a potion of brilliance {unknown}
 r - a potion of flight {unknown}
 s - a potion of resistance {unknown}


   Skills:
 + Level 4.4 Fighting
 * Level 6.4 Short Blades
 * Level 7.9 Crossbows
 + Level 4.7 Dodging
 + Level 5.2 Stealth
 * Level 5.5 Evocations


You had 8 spell levels left.
You didn't know any spells.
Your spell library contained the following spells:

 Spells                   Type           Power      Damage    Failure   Level
 Sublimation of Blood     Necr           0%         N/A       56%         2
 Conjure Flame            Conj/Fire      0%         6-21      80%         3
 Ignite Poison            Fire/Tmut/Pois 0%         N/A       80%         3
 Petrify                  Tmut/Erth      0%         N/A       99%         4
 Sticky Flame             Conj/Fire      0%         2d3       99%         4
 Irradiate                Conj/Tmut      0%         3d13      100%        5


Dungeon Overview and Level Annotations

Branches:
Dungeon (6/15)              Sewer (visited)         Ossuary (visited)
 Temple: D:4-7

Altars:
Elyvilon
Gozag
Makhleb
Nemelex Xobeh
Qazlal
Trog


Innate Abilities, Weirdness & Mutations

You are small and have problems with some larger weapons.
You are completely attuned to the shadows.
You have claws for feet.
You are strong-willed. (Will+)


Message History

An orc comes into view. It is wielding a +0 dagger.
The orc hits you from afar with a +0 trident.
An orc priest comes into view. It is wielding a +0 falchion.
You hit the orc wizard.
The orc wizard looks as sick as possible!
Your kick misses the orc wizard.
The orc wizard is heavily wounded.
The orc hits you with a +0 short sword. The orc wizard closely misses you.
The orc hits you from afar with a +0 trident.
The orc wizard casts a spell at you. The puff of flame hits you.
You hit the orc wizard but do no damage.
The orc wizard looks as sick as possible!
You claw the orc wizard.
You kill the orc wizard!
An orc wizard comes into view. It is wielding a +0 dagger.
The orc misses you. The orc barely misses you.
The orc wizard closely misses you. The orc closely misses you.
A steam dragon comes into view.
The steam dragon hisses angrily.
The steam dragon breathes steam at you. The ball of steam hits you!
The steam dragon moves out of view.
You are engulfed in a cloud of scalding steam.
The orc is engulfed in a cloud of scalding steam.
The orc dies!
You are engulfed in a cloud of scalding steam.
* * * LOW HITPOINT WARNING * * *
The steam dragon bites you!
* * * LOW HITPOINT WARNING * * *
The steam dragon claws you.
* * * LOW HITPOINT WARNING * * *
Unknown command.
You hit the steam dragon.
The steam dragon is poisoned.
You claw the steam dragon.
The steam dragon is almost dead.
The steam dragon closely misses you. The steam dragon barely misses you.
Unknown command.
The steam dragon bites you!
You die...

........> .. #.......
......... ..###......#
...J.....♣♣.♣♣...........#
..###..♣..♣.♣..♣.....o....
..###..♣♣.....♣♣....o.o...
..#.#......_......#o###o..
#......♣♣.....♣♣§§§## ..
.##....♣..♣.♣..♣D...# o
####.#...♣♣.♣♣..@§..o.
..##.##.............##.
.....####...........#
##....# ...####.##.#
#..J..###.## #.. ..
..J#...#..# ...##.....#
....##..#.. .......##


You could see a steam dragon (very poisoned, catching breath), an orc priest and
2 orc wizards.

Vanquished Creatures
  A wyvern (D:8)
  Duvessa (D:4)
  A necrophage (D:6)
  A black bear (D:5)
  A centaur (D:8)
  An ogre (D:5)
  Blork the orc (D:5)
  A scorpion (D:6)
  3 water moccasin zombies (Ossuary)
  Dowan (D:4)
  2 hounds
  2 jellies (Sewer)
  An orc priest (D:6)
  Ijyb (D:4)
  Jessica (D:2)
  Terence (D:2)
  An iguana (D:6)
  2 orc wizards
  A howler monkey zombie (D:6)
  3 gnolls (D:2)
  8 adders
  3 ufetubi
  8 adder zombies (Ossuary)
  2 worms
  A dart slug (D:1)
  11 orcs
  13 endoplasms
  2 giant cockroaches (Sewer)
  7 goblins
  2 hobgoblins
  3 jackals (D:5)
  9 kobolds
  4 quokkas
  8 ball pythons
  5 bats
  5 frilled lizards (Sewer)
  8 gnoll zombies (Ossuary)
  3 hobgoblin zombies (Ossuary)
  4 kobold zombies (Ossuary)
  6 orc zombies (Ossuary)
  8 rats
147 creatures vanquished.

Vanquished Creatures (others)
  A necrophage (D:5)
  A scorpion (D:4)
  A bullfrog (D:6)
  7 jellies
  2 mummies (Ossuary)
  3 adders
  4 orcs (D:8)
  A ball python (D:4)
  An endoplasm (Sewer)
  A kobold (D:3)
22 creatures vanquished.

Grand Total: 169 creatures vanquished

Notes
Turn   | Place    | Note
-------+----------+-------------------------------------------
     0 | D:1      | Zeld the Kobold Hunter began the quest for the Orb.
     0 | D:1      | Reached XP level 1. HP: 12/12 MP: 1/1
   190 | D:1      | Reached skill level 5 in Crossbows
   190 | D:1      | Reached XP level 2. HP: 17/17 MP: 2/2
   201 | D:1      | Reached skill level 1 in Short Blades
   586 | D:1      | Found a faded altar of an unknown god.
  1163 | D:2      | Reached XP level 3. HP: 22/22 MP: 3/3
  1219 | D:2      | Noticed Jessica
  1222 | D:2      | Killed Jessica
  1229 | D:2      | Reached XP level 4. HP: 27/27 MP: 4/4
  1248 | D:2      | Noticed Terence
  1303 | D:2      | Killed Terence
  1304 | D:2      | Reached skill level 1 in Evocations
  1733 | D:2      | Reached XP level 5. HP: 23/32 MP: 5/5
  2176 | D:3      | Found a burning altar of Makhleb.
  2321 | D:3      | Found a glowing drain.
  2327 | Sewer    | Entered a sewer
  2474 | Sewer    | Reached XP level 6. HP: 37/37 MP: 6/6
  2482 | Sewer    | Found a viscous altar of Jiyva.
  2493 | Sewer    | Became a worshipper of Jiyva Jyofo the Shapeless
  2646 | D:3      | Reached skill level 6 in Crossbows
  2811 | D:3      | Found a white marble altar of Elyvilon.
  3070 | D:3      | Found a sparkling altar of Nemelex Xobeh.
  3196 | D:3      | Reached * piety under Jiyva
  3244 | D:3      | Found an opulent altar of Gozag.
  3684 | D:4      | Reached ** piety under Jiyva
  3820 | D:4      | Found a sand-covered staircase.
  3827 | Ossuary  | Entered an ossuary
  3907 | Ossuary  | Reached XP level 7. HP: 19/41 MP: 7/7
  4383 | D:4      | Noticed Ijyb
  4387 | D:4      | Killed Ijyb
  4491 | D:4      | Noticed Duvessa
  4492 | D:4      | Noticed Dowan
  4511 | D:4      | Killed Duvessa
  4514 | D:4      | Killed Dowan
  4515 | D:4      | Reached XP level 8. HP: 12/48 MP: 8/8
  4614 | D:5      | Entered Level 5 of the Dungeon
  4722 | D:5      | Found a bloodstained altar of Trog.
  4741 | D:5      | Reached *** piety under Jiyva
  4761 | D:5      | Noticed Blork the orc
  4768 | D:5      | Killed Blork the orc
  4769 | D:5      | Reached skill level 5 in Short Blades
  4769 | D:5      | Reached skill level 7 in Crossbows
  5002 | D:5      | Gained mutation: You have sharp toenails. [Jiyva's grace]
  5002 | D:5      | Gained mutation: You have razor-sharp toenails. [Jiyva's
                  | grace]
  5002 | D:5      | Gained mutation: You have claws for feet. [Jiyva's grace]
  5002 | D:5      | Gained mutation: You are strong-willed. (Will+) [Jiyva's
                  | grace]
  5341 | D:6      | Reached **** piety under Jiyva
  5447 | D:6      | Reached skill level 5 in Evocations
  5563 | D:6      | You fall into a shaft and drop 2 floors!
  5635 | D:8      | Noticed a wyvern
  5640 | D:8      | Killed a wyvern
  5641 | D:8      | Reached skill level 5 in Stealth
  5641 | D:8      | Reached XP level 9. HP: 7/52 MP: 9/9
  5680 | D:8      | Found a stormy altar of Qazlal.
  5707 | D:8      | Slain by a steam dragon

Illustrated notes

Levels and vault maps discovered:
D:1:      dpeg_arrival_stone_temple_mockup, layout_loops_corners,
          hellmonk_ecumenical_altar_zigzags
D:2:      layout_basic, uniq_terence, uniq_jessica
D:3:      layout_basic, bloody_makhleb, marbit_many_paths,
          nemelex_xobeh_ov_fountains_minmay, elyvilon_altar_3,
          cheibrodos_sewer_entry_drain, minmay_diced_spiral
D:4:      layout_rooms, lightli_ossuary_entry_decrepit_ruins, uniq_duvessa,
          uniq_ijyb
D:5:      layout_cave_pools, kennysheep_little_box, uniq_blork_the_orc
D:6:      layout_basic, grunt_ministairs_8
D:8:      layout_cave_pools, mainiacjoe_overflow_small_starburst, zin_angel,
          amcnicky_mini_pool_small

Skill      XL: |  1  2  3  4  5  6  7  8 |
---------------+-------------------------+-----
Crossbows      | 5 6 7 |  7.9
Short Blades   | 1 2 3 4 6 |  6.4
Stealth        | 2 3 4 5 |  5.2
Evocations     | 1 2 3 4 5 |  5.5
Dodging        | 3 4 |  4.7
Fighting       | 3 4 |  4.4

Action                   |  1- 3 |  4- 6 |  7- 9 || total
-------------------------+-------+-------+-------++-------
Melee: Short sword       |     4 |   146 |   285 ||   435
       Punch             |       |     4 |     7 ||    11
       Kick              |       |       |    25 ||    25
 Fire: Hand crossbow     |    27 |    73 |       ||   100
Evoke: Wand              |       |       |     7 ||     7
  Use: Potion            |       |       |     1 ||     1
 Stab: Sleeping          |       |     4 |    12 ||    16
       Distracted        |       |     1 |       ||     1
Armor: Leather armour    |       |    19 |    50 ||    69
Dodge: Dodged            |     4 |   118 |   245 ||   367
